 Dungeon Crawl Stone Soup version 0.29-a0-2-g12fcac58f8 (webtiles) character file.

Game seed: 15755680373382699892

41326 freelancePsychic the Transmogrifier (level 14, -12/111 HPs)
             Began as a Barachi Summoner on Jan 26, 2022.
             Was an Initiate of Gozag.
             Mangled by a freezing wraith (23 damage)
             ... led by a death knight
             ... on level 14 of the Dungeon on Jan 27, 2022.
             The game lasted 01:17:52 (32960 turns).

freelancePsychic the Transmogrifier (BaSu)         Turns: 32960, Time: 01:17:52

Health: -12/111    AC: 17    Str: 11    XL:     14   Next: 14%
Magic:  20/30      EV: 19    Int: 25    God:    Gozag
Gold:   1618       SH:  5    Dex: 13    Spells: 3/37 levels left

rFire   . . .      SeeInvis .     - Unarmed
rCold   . . .      Faith    .   (shield currently unavailable)
rNeg    . . .      Spirit   .   (armour currently unavailable)
rPois   ∞          Reflect  +   (helmet currently unavailable)
rElec   +          Harm     .   (cloak currently unavailable)
rCorr   .          Rampage  .   (gloves currently unavailable)
Will    .....                   (boots currently unavailable)
Stlth   ++........              O - amulet of reflection
HPRegen 0.28/turn               J - +6 ring of intelligence
MPRegen 0.22/turn               R - ring of wizardry

@: storm-form, weak-willed, gold aura, flying, slowed, very slow
A: cleaving, flying, amphibious, (slowness 1), (strong legs 2), +LOS
a: Blinkbolt, End Transformation, Renounce Religion, Potion Petition, Call
Merchant, Bribe Branch


You were on level 14 of the Dungeon.
You worshipped Gozag.
Gozag was most pleased with you.
You were a lightning-filled tempest!
You visited 3 branches of the dungeon, and saw 21 of its levels.

You collected 4792 gold pieces.
You spent 614 gold pieces at shops.
You paid 2560 gold pieces to Gozag.

Inventory:

Hand Weapons
 b - the +8 spear of Winoojosank (melded) {vorpal, rPois rC- Int+3}
   (You found it on level 11 of the Dungeon)

   It inflicts extra damage upon your enemies.
   Int:       It affects your intelligence (+3).
   rC:        It makes you vulnerable to cold.
   rPois:     It protects you from poison.
 S - a +1 demon trident of flaming
Armour
 a - the +4 chain mail of the Shoals {+Inv Str+5}
   (You found it on level 13 of the Dungeon)

   Str:       It affects your strength (+5).
   +Inv:      It lets you turn invisible.
 l - a +1 robe of willpower (melded)
 t - an orb of light (melded)
 z - a +2 cloak of willpower (melded)
 L - a +0 helmet (melded)
 M - the +0 pair of gloves of the Desolation of Salt (melded) {Contam rF+++ Will+ Dex-5}
   (You acquired it on level 10 of the Dungeon)

   Dex:       It affects your dexterity (-5).
   rF:        It renders you almost immune to fire.
   Contam:    It causes magical contamination when unequipped.
   Will:      It increases your willpower.
 Y - the +3 pair of seven-league boots (melded) {Rampage+∞}
   (You found it on level 5 of the Lair of Beasts)

   Its wearer moves as far as possible in that direction when moving towards
   enemies.
Jewellery
 e - a ring of protection from cold
 f - a ring of resist corrosion
 h - a +4 ring of evasion
 s - a ring of protection from fire
 v - a ring of fire
 J - a +6 ring of intelligence (left fist)
 O - an amulet of reflection (around neck)
 R - a ring of wizardry (right fist)
 V - a ring of poison resistance
 W - an amulet of magic regeneration
Wands
 x - a wand of polymorph (10)
 F - a wand of digging (14)
 H - a wand of flame (8)
 I - a wand of acid (3)
 K - a wand of charming (5)
 N - a wand of paralysis (21)
 Q - a wand of iceblast (7)
 Z - a wand of mindburst (8)
Scrolls
 g - a scroll of magic mapping
 j - a scroll of silence
 n - 3 scrolls of blinking
 q - 2 scrolls of teleportation {@r4}
 y - 2 scrolls of holy word
 B - 2 scrolls of amnesia
 D - 6 scrolls of immolation
 G - 4 scrolls of enchant armour
 T - a scroll of identify {@r1}
 U - a scroll of fear
 X - a scroll of enchant weapon
Potions
 c - 2 potions of brilliance
 d - 3 potions of curing {@q1}
 i - a potion of resistance
 k - 8 potions of heal wounds {@q2}
 m - 4 potions of lignification
 o - 2 potions of flight {unknown}
 p - 2 potions of degeneration {unknown}
 r - 4 potions of attraction {unknown}
 u - 3 potions of mutation {unknown}
 w - 2 potions of haste {unknown}
 A - a potion of invisibility {unknown}
 C - 2 potions of might {unknown}
 E - a potion of magic {unknown}
 P - 2 potions of cancellation {unknown}


   Skills:
 + Level 10.5 Fighting
 - Level 2.1 Dodging
 - Level 1.7 Stealth
 + Level 1.7 Unarmed Combat
 - Level 12.1 Spellcasting
 - Level 6.0 Conjurations
 - Level 3.0 Hexes
 - Level 7.9 Summonings
 - Level 3.3 Translocations
 + Level 14.2 Transmutations
 * Level 10.5 Air Magic
 - Level 6.1 Poison Magic


You had 3 spell levels left.
You knew the following spells:

 Your Spells              Type           Power      Damage    Failure   Level
a - Eringya's Noxious Bo  Tmut/Pois      30%        N/A       4%          6
b - Storm Form            Tmut/Air       33%        N/A       9%          7
d - Summon Lightning Spi  Summ/Air       57%        N/A       1%          4
e - Manifold Assault      Tloc           31%        N/A       12%         5
f - Dragon Form           Tmut           36%        N/A       4%          7
h - Irradiate             Conj/Tmut      30%        3d23      1%          5

Your spell library contained the following spells:

 Spells                   Type           Power      Damage    Failure   Level
 Animate Skeleton         Necr           30%        N/A       1%          1
 Pain                     Necr           60%        1d7       1%          1
 Sandblast                Erth           30%        2d9       1%          1
 Slow                     Hex            100%       N/A       1%          1
 Summon Small Mammal      Summ           100%       N/A       1%          1
 Blink                    Tloc           62%        N/A       1%          2
 Call Imp                 Summ           53%        N/A       1%          2
 Ensorcelled Hibernation  Hex/Ice        44%        N/A       1%          2
 Passwall                 Tmut/Erth      41%        N/A       1%          2
 Poisonous Vapours        Pois/Air       100%       N/A       1%          2
 Static Discharge         Conj/Air       54%        N/A       1%          2
 Call Canine Familiar     Summ           53%        N/A       1%          3
 Confusing Touch          Hex            30%        N/A       1%          3
 Ignite Poison            Fire/Tmut/Pois 49%        N/A       1%          3
 Lesser Beckoning         Tloc           31%        N/A       1%          3
 Mephitic Cloud           Conj/Pois/Air  52%        N/A       1%          3
 Spider Form              Tmut/Pois      60%        N/A       1%          3
 Stone Arrow              Conj/Erth      60%        3d10      1%          3
 Summon Guardian Golem    Hex/Summ       42%        N/A       1%          3
 Swiftness                Air            61%        N/A       1%          3
 Scorch                   Fire           30%        2d7       2%          2
 Sublimation of Blood     Necr           15%        N/A       2%          2
 Vampiric Draining        Necr           15%        2d7       4%          3
 Petrify                  Tmut/Erth      50%        N/A       1%          4
 Blade Hands              Tmut           36%        N/A       1%          5
 Animate Armour           Summ/Erth      70%        N/A       3%          4
 Flame Wave               Conj/Fire      30%        2d8       4%          4
 Freezing Cloud           Conj/Ice/Air   21%        6-21      4%          5
 Iskenderun's Battlesphe  Conj           45%        2d10      4%          5
 Summon Forest            Summ/Tloc      21%        N/A       4%          5
 Summon Mana Viper        Hex/Summ       42%        N/A       4%          5
 Anguish                  Hex/Necr       11%        N/A       9%          4
 Leda's Liquefaction      Hex/Erth       11%        N/A       9%          4
 Conjure Ball Lightning   Conj/Air       27%        3x3d8     9%          6
 Summon Cactus Giant      Summ           26%        N/A       9%          6
 Statue Form              Tmut/Erth      33%        N/A       13%         6
 Lee's Rapid Deconstruct  Erth           7%         3d8*      38%         5
 Summon Hydra             Summ           26%        N/A       43%         7
 Iron Shot                Conj/Erth      15%        9d4       54%         6
 Spellforged Servitor     Conj/Summ      25%        N/A       56%         7


Dungeon Overview and Level Annotations

Branches:
Dungeon (14/15)            Temple (1/1) D:6            Lair (6/6) D:11
 Shoals (0/4) Lair:2        Snake (0/4) Lair:3        Slime (0/5) Lair:6
    Orc (0/2) D:9
 Vaults: D:13-14

Altars:
Ashenzari
Cheibriados
Dithmenos
Elyvilon
Fedhas
Gozag
Hepliaklqana
Kikubaaqudgha
Makhleb
Nemelex Xobeh
Okawaru
Qazlal
Ru
Sif Muna
Trog
Uskayaw
Vehumet
Wu Jian
Xom
Yredelemnul
Zin
The Shining One

Shops:
D:3 (   D:8 (?**[   D:9 ?!   D:10 :   D:13 [[

Portals:
Trove: D:12 (give +3 shadow dragon scales)

Annotations:
D:8 3 runed translucent doors, lessens's ghost, novice OgBr
D:9 1 runed translucent door, exclusion: orange crystal statue, soggyman666's ghost, journeyman DjFE
Lair:4 exclusion: 3 oklob plants


Innate Abilities, Weirdness & Mutations

You are a lightning-filled tempest!
Your electrical attacks strike out in all directions at once.
You are incredibly evasive.
You are flying.
You are immune to poison.
Your armour is entirely melded.
You are incapable of wielding weapons or throwing items.
You are amphibious.
((You cover ground slowly.))
((You can hop long distances.))
You have an extended range of vision and can be seen from far away.


Message History

The freezing wraith is moderately damaged.
You barely miss the skeletal warrior.
You hit the freezing wraith but do no damage.
You hit the phantasmal warrior but do no damage.
The freezing wraith barely misses you.
The freezing wraith hits you but does no damage.
The skeletal warrior closely misses you.
The freezing wraith completely misses you.
The freezing wraith barely misses you.
You block the phantasmal warrior's attack.
The skeletal warrior hits you with a +0 great sword!
The freezing wraith completely misses you.
The freezing wraith barely misses you.
You hit the skeletal warrior but do no damage.
The skeletal warrior is almost destroyed.
You hit the freezing wraith but do no damage.
You batter the phantasmal warrior!!
You destroy the phantasmal warrior!
You hit the freezing wraith.
Lightning courses through the freezing wraith!
The freezing wraith closely misses you. The freezing wraith hits you.
The freezing wraith hits you but does no damage.
The freezing wraith completely misses you.
The skeletal warrior is distracted by your dazzling golden aura.
The freezing wraith misses you. x2
You buffet the skeletal warrior!
Lightning courses through the skeletal warrior!
You destroy the skeletal warrior!
You hit the freezing wraith but do no damage.
You barely miss the freezing wraith. The freezing wraith hits you!
The freezing wraith freezes you!!
* * * LOW HITPOINT WARNING * * *
You block the freezing wraith's attack.
The freezing wraith completely misses you.
The freezing wraith hits you but does no damage.
The freezing wraith hits you!
* * * LOW HITPOINT WARNING * * *
The freezing wraith freezes you!!
You die...
Your body crumbles into a pile of gold.

...........## ## ##.
............. ... ...
............ ..# #..
...........# #.# #..
...........# #.# #..
...<.......# #.# #..
...........# #.######.>
........$..# #.........
.......Wv..# #.........
.......$W.$#####..#####..
......$...........# #..
..................# #.. $
............####..# #..
............# #..# #..
............# #....!....
............# #.........
......###.... ..........


You could see 2 freezing wraiths.

Vanquished Creatures
  Azrael (D:13)
  Josephine (D:12)
  A yaktaur captain (D:12)
  Erolcha (D:12)
  3 hydras
  3 boulder beetles
  A catoblepas (D:12)
  A merfolk aquamancer (D:13)
  3 two-headed ogres
  A shock serpent (shapeshifter) (D:12)
  4 spriggans (Lair:6)
  A skeletal warrior (D:14)
  A deep elf pyromancer (D:14)
  A phantasmal warrior (D:14)
  A cyclops (D:12)
  4 ugly things
  6 elephants
  A black mamba (Lair:1)
  2 water nymphs (D:13)
  A guardian serpent (Lair:5)
  4 cane toads
  An unseen horror (D:10)
  Psyche (D:11)
  A kobold demonologist (D:12)
  2 rime drakes (Lair:6)
  A komodo dragon (shapeshifter) (D:12)
  An efreet (D:12)
  A komodo dragon (D:11)
  A freezing wraith (D:14)
  3 polar bears (Lair:6)
  4 trolls
  A queen bee (shapeshifter) (D:12)
  6 meliai
  4 hornets (Lair:6)
  A hornet (shapeshifter) (D:12)
  3 slime creatures (D:12)
  A dream sheep (Lair:5)
  5 wraiths (D:12)
  2 water elementals
  A vampire (D:11)
  A wyvern (Lair:5)
  2 fire elementals (D:13)
  A basilisk (Lair:2)
  11 yaks
  3 vampire mosquitoes (D:13)
  3 acid dragons
  2 hell hounds (D:13)
  6 water moccasins
  2 orc warriors
  A sky beast (D:5)
  3 black bears (Lair:6)
  2 wolves (Lair:6)
  5 boggarts
  7 bullfrogs
  3 scorpions
  10 killer bees
  An electric eel (Lair:1)
  A howler monkey (D:7)
  A bullfrog zombie (D:6)
  A centaur zombie (D:8)
  5 hounds
  An orc priest (D:11)
  2 gnoll shamans
  2 jellies
  2 iguanas (D:5)
  2 orc wizards
  A killer bee zombie (D:8)
  A hound skeleton (D:5)
  5 gnolls
  2 adders (D:5)
  A shadow imp (D:5)
  2 white imps
  2 dart slugs
  14 orcs
  4 bats
  2 endoplasms
  3 giant cockroaches
  A goblin (D:3)
  2 hobgoblins
  A jackal (D:5)
  6 ball pythons
  2 frilled lizards
  A jackal skeleton (D:4)
  3 kobolds
  6 rats
221 creatures vanquished.

Vanquished Creatures (collateral kills)
  A hydra (Lair:1)
  A two-headed ogre (D:9)
  Pikel (D:7)
  A merfolk siren (Lair:2)
  Joseph (Lair:1)
  3 cane toads (Lair:1)
  2 komodo dragons
  A slime creature (D:12)
  2 wyverns
  A human (D:8)
  5 yaks
  2 water moccasins (Lair:1)
  3 orc warriors (D:9)
  2 ice beasts (D:7)
  A necrophage (D:4)
  A centaur (D:9)
  An ogre (D:7)
  A phantom (D:6)
  A kobold brigand (D:9)
  A bullfrog (Lair:2)
  A water moccasin zombie (D:6)
  A wyvern skeleton (D:3)
  2 centaur zombies
  A jelly (D:2)
  3 orc priests
  2 iguanas
  6 orc wizards
  Ijyb (D:4)
  A killer bee zombie (D:7)
  4 gnolls
  2 adders (D:2)
  A river rat (Lair:1)
  A shadow imp (D:7)
  A white imp (D:7)
  An ufetubus (D:7)
  A worm (D:2)
  3 dart slugs
  19 orcs
  8 endoplasms
  2 giant cockroaches (D:2)
  5 hobgoblins
  A jackal (D:5)
  8 kobolds
  2 quokkas
  3 ball pythons
  6 frilled lizards
  5 rats
123 creatures vanquished.

Vanquished Creatures (others)
  A boulder beetle (Lair:5)
  2 hydras
  A catoblepas (Lair:5)
  2 two-headed ogres (D:11)
  A death knight (D:14)
  A deep troll earth mage (D:12)
  Urug (Lair:2)
  5 ugly things
  8 elephants
  2 black mambas
  7 cane toads
  4 komodo dragons
  2 trolls (D:10)
  A hornet (D:8)
  2 polar bears (Lair:6)
  12 blink frogs
  6 dream sheep (Lair:5)
  8 spriggans (Lair:6)
  23 yaks
  2 basilisks
  2 humans
  Edmund (D:4)
  3 nagas (Lair:3)
  6 water moccasins
  A hell hound (D:13)
  An orc warrior (D:8)
  2 black bears
  4 boggarts (Lair:6)
  A centaur (D:5)
  15 wolves
  7 killer bees
  An orc priest (D:10)
  A gnoll shaman (D:10)
  Crazy Yiuf (D:4)
  2 gnolls
  43 fungi
  32 plants
214 creatures vanquished.

Grand Total: 558 creatures vanquished

Notes
Turn   | Place    | Note
-------+----------+-------------------------------------------
     0 | D:1      | freelancePsychic the Barachi Summoner began the quest for
                  | the Orb.
     0 | D:1      | Reached XP level 1. HP: 13/13 MP: 3/3
   356 | D:1      | Reached skill level 5 in Summonings
   512 | D:1      | Reached XP level 2. HP: 12/20 MP: 1/5
   866 | D:1      | Reached skill level 1 in Fighting
  1428 | D:2      | Reached XP level 3. HP: 26/26 MP: 3/6
  1432 | D:2      | Learned a level 3 spell: Call Canine Familiar
  1436 | D:2      | Learned a level 3 spell: Summon Guardian Golem
  1492 | D:2      | Found a faded altar of an unknown god.
  1832 | D:2      | Reached skill level 1 in Hexes
  1832 | D:2      | Reached XP level 4. HP: 33/33 MP: 1/8
  2643 | D:3      | Found an ancient bone altar of Kikubaaqudgha.
  2647 | D:3      | Found a blossoming altar of Fedhas.
  3145 | D:3      | Reached XP level 5. HP: 39/39 MP: 6/9
  3292 | D:3      | Found a hide-covered altar of Uskayaw.
  3406 | D:3      | Found Hav Rym's Antique Weapon Emporium.
  3848 | D:4      | Noticed Ijyb
  3881 | D:4      | Killed Ijyb
  3967 | D:4      | Reached XP level 6. HP: 30/46 MP: 2/11
  4274 | D:4      | Noticed Edmund
  4312 | D:4      | Killed Edmund
  4313 | D:4      | Reached skill level 1 in Air Magic
  4942 | D:4      | Noticed a necrophage
  4962 | D:4      | Killed a necrophage
  4963 | D:4      | Reached XP level 7. HP: 52/52 MP: 7/12
  4968 | D:4      | Learned a level 4 spell: Summon Lightning Spire
  5019 | D:4      | Found a runed translucent door.
  5020 | D:4      | Noticed Crazy Yiuf
  5137 | D:4      | Killed Crazy Yiuf
  5349 | D:5      | Entered Level 5 of the Dungeon
  6224 | D:5      | Reached XP level 8. HP: 61/61 MP: 8/14
  6382 | D:5      | Reached skill level 5 in Fighting
  7240 | D:6      | Reached skill level 1 in Conjurations
  7240 | D:6      | Reached skill level 1 in Transmutations
  7449 | D:6      | Found a staircase to the Ecumenical Temple.
  7459 | Temple   | Entered the Ecumenical Temple
  7519 | Temple   | Became a worshipper of Gozag Ym Sagoz the Greedy
  7939 | D:6      | Reached skill level 2 in Transmutations
  8149 | D:6      | Reached skill level 5 in Spellcasting
  8275 | D:7      | Noticed a wyvern
  8289 | D:7      | Killed a wyvern
  8290 | D:7      | Reached skill level 3 in Transmutations
  8295 | D:7      | Reached XP level 9. HP: 68/68 MP: 7/17
  8607 | D:7      | Noticed Pikel
  8643 | D:7      | Killed Pikel
  8644 | D:7      | Reached skill level 4 in Transmutations
  8800 | D:7      | Found an ornate altar of the Wu Jian Council.
  8863 | D:7      | Reached skill level 5 in Transmutations
  8890 | D:7      | Reached skill level 5 in Conjurations
  9100 | D:7      | Found a sparkling altar of Nemelex Xobeh.
  9577 | D:8      | Noticed a centaur warrior
  9578 | D:8      | Noticed lessens's ghost (novice OgBr)
  9579 | D:8      | Found a runed translucent gate.
  9581 | D:8      | Found a runed translucent gate.
  9588 | D:8      | Found a runed translucent gate.
  9631 | D:8      | Found an iron altar of Okawaru.
  9659 | D:8      | Found Cuseq's Weapon Shoppe.
  9782 | D:8      | Noticed a hornet
  9792 | D:8      | Killed a hornet
  9841 | D:8      | Found a sacrificial altar of Ru.
  9948 | D:8      | Found Toskelep's Antique Armour Shop.
 10063 | D:8      | Reached skill level 6 in Transmutations
 10063 | D:8      | Reached XP level 10. HP: 74/74 MP: 12/20
 10069 | D:8      | Learned a level 5 spell: Irradiate
 10195 | D:8      | Found Bemoroaps's General Store.
 10296 | D:8      | Found Qeer's General Store.
 10366 | D:8      | Noticed a moth of wrath
 10369 | D:8      | Found a bloodstained altar of Trog.
 10425 | D:8      | Found Elemau's Magic Scroll Emporium.
 10434 | D:8      | Bought a scroll of blinking for 120 gold pieces
 10434 | D:8      | Bought a scroll of identify for 32 gold pieces
 10841 | D:9      | Reached skill level 7 in Transmutations
 10925 | D:9      | Found Oteiryiwn's Distillery.
 10980 | D:9      | Noticed a two-headed ogre
 10989 | D:9      | Killed a two-headed ogre
 11212 | D:9      | Found a hazy altar of Hepliaklqana.
 11252 | D:9      | Noticed an orange crystal statue
 11443 | D:9      | Found a runed translucent door.
 11444 | D:9      | Found a shimmering altar of Xom.
 11444 | D:9      | Noticed a +1 broad axe of chaos
 11444 | D:9      | Noticed soggyman666's ghost (journeyman DjFE)
 11480 | D:9      | Found a stormy altar of Qazlal.
 11565 | D:9      | Found Qodi's Magic Scroll Shop.
 11947 | D:9      | Found a staircase to the Orcish Mines.
 12189 | D:10     | Entered Level 10 of the Dungeon
 12201 | D:10     | Reached skill level 8 in Transmutations
 12500 | D:10     | Reached XP level 11. HP: 77/84 MP: 11/24
 12692 | D:10     | Reached skill level 9 in Transmutations
 13190 | D:10     | Noticed a two-headed ogre
 13206 | D:10     | Killed a two-headed ogre
 14227 | D:11     | Reached skill level 10 in Spellcasting
 14328 | D:11     | Noticed a two-headed ogre
 14340 | D:11     | Killed a two-headed ogre
 14570 | D:11     | Reached skill level 10 in Transmutations
 14695 | D:11     | Noticed Psyche
 14698 | D:11     | Killed Psyche
 14908 | D:11     | Found a staircase to the Lair.
 14927 | D:11     | Noticed a two-headed ogre
 14932 | D:11     | Killed a two-headed ogre
 15001 | D:11     | Noticed a two-headed ogre
 15014 | D:11     | Killed a two-headed ogre
 15608 | D:11     | Identified the +8 spear of Winoojosank {vorpal, rPois rC-
                  | Int+3}
 15679 | D:11     | Learned a level 7 spell: Dragon Form
 15685 | D:11     | Learned a level 5 spell: Manifold Assault
 15739 | D:10     | Bought a Fen Folio for 462 gold pieces
 15739 | D:10     | Identified a scroll of acquirement
 15740 | D:10     | Acquired the +0 pair of gloves of the Desolation of Salt
                  | {Contam rF+++ Will+ Dex-5}
 15819 | Lair:1   | Entered Level 1 of the Lair of Beasts
 15976 | Lair:1   | Reached skill level 1 in Poison Magic
 16178 | Lair:1   | Reached XP level 12. HP: 65/97 MP: 20/26
 16218 | Lair:1   | Noticed a six-headed hydra
 16231 | Lair:1   | Killed a six-headed hydra
 16614 | Lair:1   | You fall into a shaft and drop 1 floor!
 16628 | Lair:2   | Reached skill level 5 in Poison Magic
 16758 | Lair:2   | Found a staircase to the Shoals.
 16811 | Lair:1   | Got Itagewn's Grimoire of Flight and Summoning
 17075 | Lair:1   | Noticed Joseph
 17089 | Lair:1   | Killed Joseph
 17576 | Lair:1   | Learned a level 6 spell: Eringya's Noxious Bog
 17745 | Lair:2   | Noticed Urug
 17765 | Lair:2   | Killed Urug
 17766 | Lair:2   | Reached skill level 10 in Fighting
 19048 | Lair:3   | Found a staircase to the Snake Pit.
 19337 | Lair:3   | Reached skill level 11 in Transmutations
 20432 | Lair:4   | Noticed a seven-headed hydra
 20440 | Lair:4   | Killed a seven-headed hydra
 20712 | Lair:4   | Acquired the Collected Works on Igneous Air
 21746 | Lair:5   | Reached skill level 5 in Air Magic
 21877 | Lair:5   | Noticed an eight-headed hydra
 21894 | Lair:5   | Killed an eight-headed hydra
 22324 | Lair:5   | Noticed a catoblepas
 22330 | Lair:5   | Killed a catoblepas
 22477 | Lair:5   | Noticed a boulder beetle
 22498 | Lair:5   | Killed a boulder beetle
 22685 | Lair:5   | Noticed a boulder beetle
 22696 | Lair:5   | Killed a boulder beetle
 22781 | Lair:5   | Found the +3 pair of seven-league boots {Rampage+∞}
 24063 | Lair:6   | Entered Level 6 of the Lair of Beasts
 24432 | Lair:6   | Reached skill level 12 in Transmutations
 24467 | Lair:6   | Gained mutation: You can hop long distances. [Barachi
                  | growth]
 24467 | Lair:6   | Reached XP level 13. HP: 61/103 MP: 18/28
 26317 | Lair:6   | Found a staircase to the Slime Pits.
 27049 | Lair:6   | Learned a level 7 spell: Storm Form
 27756 | D:12     | Noticed Erolcha
 27762 | D:12     | Killed Erolcha
 27763 | D:12     | Reached skill level 13 in Transmutations
 27928 | D:12     | Noticed Josephine
 28238 | D:12     | Killed Josephine
 28339 | D:12     | Reached skill level 1 in Translocations
 29343 | D:12     | Found a portal to a secret trove of treasure.
 29754 | D:12     | Noticed a yaktaur captain
 29760 | D:12     | HP: 2/103 [deep troll earth mage (8)]
 30089 | D:12     | Killed a yaktaur captain
 30802 | D:13     | Noticed Azrael
 30809 | D:13     | Killed Azrael
 31433 | D:13     | Found Dihajy's Armour Shop.
 31860 | D:13     | Reached skill level 14 in Transmutations
 31982 | D:13     | Reached skill level 10 in Air Magic
 31982 | D:13     | Reached XP level 14. HP: 110/110 MP: 14/30
 32315 | D:13     | Identified the +4 chain mail of the Shoals {+Inv Str+5}
 32689 | D:14     | Reached skill level 1 in Unarmed Combat
 32960 | D:14     | Mangled by a freezing wraith

Illustrated notes

Levels and vault maps discovered:
D:1:      amcnicky_arrival_blooded_trapdoor, layout_loops_cross,
          lemuel_old_faithful
D:2:      layout_loops_ring, basic_ecumenical_altar
D:3:      layout_basic, nicolae_uskayaw_murder_on_the_dancefloor,
          grunt_temple_overflow_growth_and_decay, serial_shops,
          nicolae_shop_statue_plus
D:4:      layout_loops_corners, minmay_lizard_king, uniq_crazy_yiuf_cottage,
          uniq_ijyb, uniq_edmund
D:5:      layout_layer_cave, serial_glass, glass_columns_a, glass_columns_b,
          glass_columns_a, glass_columns_a, glass_columns_c, glass_columns_a,
          glass_columns_a, glass_columns_b, glass_columns_c, glass_columns_c
D:6:      layout_loops_corners, minmay_temple_entry_hall
D:7:      layout_rooms, mainiacjoe_overflow_concentric_impassable,
          general_overflow_altar, minivault_27, grunt_tough_drop, uniq_pikel
D:8:      layout_basic, okawaru_humans, tgw_trog, overflow_temple_1_default,
          serial_shops, nicolae_shop_waterfront,
          nicolae_shop_bloodbath_and_beyond, shop, nicolae_shop_hallway_plus,
          shop, gammafunk_ghost_split
D:9:      layout_stronghold, nicolae_hepliaklqana_hazy_memory,
          nicolae_qazlal_eye_of_the_storm, david_orc_4, ebering_ghost_xom,
          serial_shops, nicolae_shop_temple_entry_statues_fountains,
          nicolae_shop_trees, kennysheep_nondescript, minivault_16
D:10:     layout_long_grid, serial_co_window_serial, co_window_of_opportunity_a,
          co_window_corner_a, co_window_cross_1, co_window_cross_1,
          co_window_paths_a, co_window_corner_b, co_window_corner_cb,
          co_window_corner_cb, co_window_sun, co_window_4corner_b,
          glass_columns_c, glass_columns_b, glass_columns_a
D:11:     layout_loops_corners, lair_entry_dummy, nicolae_benzene_ring,
          chequers_serial_rivers_room_a, serial_bayou_lagoon_b, uniq_psyche
D:12:     minmay_shrinking_squares, layout_loops_ring,
          nicolae_trove_entry_columns, eino_jars, uniq_erolcha, uniq_josephine
D:13:     layout_basic, serial_shops, shop, minivault_16, nicolae_splish_splash,
          uniq_azrael
D:14:     layout_small_grid, ximxim_vaults_locker_room, uniq_roxanne, uniq_kirke
Temple:   minmay_temple_bridge_abc
Lair:1:   layout_gridlike, small_statue_intersection, amcnicky_mini_pool_medium,
          grunt_megastairs_2, infiniplex_staircase_pool_2, serial_bayou_shore_b,
          uniq_joseph
Lair:2:   layout_chaotic_city, minmay_shoals_entry_lonely_mermaid,
          nicolae_lair_grove_arrangements, grunt_megastairs_4, uniq_urug
Lair:3:   layout_hall_layers, minmay_snake_entry_guardpost_small
Lair:4:   dpeg_oklob_gauntlet, layout_hall_layers,
          chequers_serial_rivers_micro_a
Lair:5:   layout_cellular_growth, hellmonk_guarded_unrand_seven_league_boots
Lair:6:   minmay_lair_end_enchanted_forest, layout_regular_city, slime_dummy,
          serial_rivers, chequers_serial_rivers_micro_b,
          chequers_serial_rivers_room_a, chequers_serial_rivers_micro_c,
          chequers_serial_rivers_micro_a, chequers_serial_rivers_room_a,
          chequers_serial_rivers_small_3

Skill      XL: |  1  2  3  4  5  6  7  8  9 10 11 12 13 14 |
---------------+-------------------------------------------+-----
Summonings     | 5 6 7 |  7.9
Fighting       | 1 2 3 4 5 7 9 10 | 10.5
Hexes          | 1 2 3 |  3.0
Spellcasting   | 3 4 5 7 9 10 11 12 | 12.1
Air Magic      | 2 3 4 6 10 | 10.5
Conjurations   | 3 6 |  6.0
Transmutations | 3 6 8 10 12 14 | 14.2
Poison Magic   | 2 6 |  6.1
Translocations | 3 |  3.3
Unarmed Combat | 1 |  1.7
Dodging        | |  2.1
Stealth        | |  1.7

Action                   |  1- 3 |  4- 6 |  7- 9 | 10-12 | 13-15 || total
-------------------------+-------+-------+-------+-------+-------++-------
Melee: Short sword       |    60 |    65 |       |       |       ||   125
       Unarmed           |     3 |     4 |       |       |   126 ||   133
       Spear             |       |    27 |   217 |   155 |       ||   399
       Punch             |       |       |     5 |       |     1 ||     6
       Demon trident     |       |       |       |   149 |    83 ||   232
       Tailslap          |       |       |       |       |    13 ||    13
       Bite              |       |       |       |       |    10 ||    10
 Cast: Summon Small Mamm |    29 |    15 |     3 |       |       ||    47
       Call Canine Famil |     1 |    23 |    23 |    36 |       ||    83
       Summon Guardian G |       |     4 |    18 |    37 |       ||    59
       Summon Lightning  |       |       |    10 |    33 |     3 ||    46
       Irradiate         |       |       |       |    22 |    44 ||    66
       Eringya's Noxious |       |       |       |    51 |    32 ||    83
       Dragon Form       |       |       |       |       |    16 ||    16
       Manifold Assault  |       |       |       |       |    11 ||    11
       Storm Form        |       |       |       |       |     6 ||     6
Invok: Call Merchant     |       |       |       |     1 |     1 ||     2
       Potion Petition   |       |       |       |       |     3 ||     3
 Abil: Hop               |     2 |     2 |     6 |     6 |     2 ||    18
       End Transformatio |       |       |       |       |     4 ||     4
       Breathe Fire      |       |       |       |       |     1 ||     1
       Blinkbolt         |       |       |       |       |     1 ||     1
Evoke: Wand              |       |       |       |     3 |       ||     3
  Use: Scroll            |       |     7 |     6 |    12 |     7 ||    32
       Potion            |       |       |       |     2 |     3 ||     5
 Stab: Sleeping          |     4 |     5 |     1 |       |       ||    10
       Distracted        |       |       |     2 |     1 |     2 ||     5
       Petrified         |       |       |       |     1 |       ||     1
Armor: Robe              |    28 |    12 |    51 |    75 |    58 ||   224
       Skin              |       |     1 |       |       |    52 ||    53
Dodge: Dodged            |    67 |    59 |   156 |   187 |   218 ||   687
Block: Orb               |       |       |       |    30 |    39 ||    69
       Other             |       |       |       |       |    30 ||    30
       Reflection        |       |       |       |       |     1 ||     1

Table legend: (Time is in decaauts)
 A = Elapsed time spent in this place.
 B = Non-inter-level travel time spent in this place.
 C = Inter-level travel time spent in this place.
 D = Time resting spent in this place.
 E = Time spent auto-exploring this place.
 F = Levels seen in this place.
 G = Mean time per level.
                   A        B        C        D        E       F      G
               +--------+--------+--------+--------+--------+-----+--------+
         Total |  36152 |  34606 |   1546 |   1760 |  28279 |  21 | 1721.5 |
       Dungeon |  23594 |  22633 |    961 |   1760 |  17729 |  14 | 1685.3 |
        Temple |     91 |     68 |     23 |      0 |     44 |   1 |   91.0 |
          Lair |  12466 |  11905 |    561 |      0 |  10505 |   6 | 2077.7 |
               +--------+--------+--------+--------+--------+-----+--------+

Top non-repeatable levels by time:
  Lair:6: 3199 daAuts
    D:12: 3019 daAuts
  Lair:5: 2816 daAuts
    D:11: 2407 daAuts
     D:4: 2118 daAuts
    D:10: 1907 daAuts
     D:9: 1903 daAuts
    D:13: 1836 daAuts
     D:1: 1811 daAuts
     D:5: 1805 daAuts
  Lair:4: 1781 daAuts
  Lair:1: 1754 daAuts
  Lair:3: 1740 daAuts
     D:8: 1558 daAuts
     D:6: 1407 daAuts
